[Event "44th Chess Olympiad Women 2022"]
[Site "Chennai"]
[Date "2022.07.29"]
[Round "1.7"]
[White "Morales Santos, Natasha"]
[Black "Tokhirjonova, Gulrukhbegim"]
[Result "0-1"]
[WhiteElo "1924"]
[BlackElo "2329"]
[Annotator "TA"]
[PlyCount "68"]
[EventDate "2022.??.??"]
[TimeControl "60"]

1. d4 e6 2. c4 b6 3. Nc3 Bb7 4. e4 Bb4 5. Qc2 Bxc3+ 6. bxc3 {[%emt 0:00:50] A40: Unusual
replies to 1 d4.} d6 7. Bd3 Ne7 8. Ne2 {[%emt 0:04:52] White is slightly better.} Nd7 9.
O-O O-O 10. f4 f5 {[%emt 0:
00:00] [#]} 11. Ng3 $146 ({Predecessor:} 11. e5 d5
12. cxd5 Nxd5 13. Qd2 c5 14. Ba3 a5 15. Rfd1 Qc7 16. Bb5 c4 17. Bd6 {0-1 (63)
Kowalski,I (2082)-Rajlich,I (2407) Chylice 2014}) 11... g6 12.
d5 (12. Bb2 $16) 12... fxe4 ({Don't play} 
12... exd5 13. exf5 dxc4 14. Bxc4+ d5 15. Bd3 $14) (12... Nc5 $1 $15) 13. Bxe4 ({White should play} 13. Nxe4 $14 exd5 14. Ng5) 13... Nc5 $1
$11 ({Don't do} 13... exd5 14. cxd5 Bxd5 15. c4 Bxe4 16. Nxe4
$11) 14. Be3 (14. Re1 $11) 14... Nxe4 $17 {[%emt 0:09:41]
White is on the road to losing.} 15. Qxe4 exd5 16. Qe6+ Rf7 {[%emt 0:01:11] [#] And now ...Bc8 would win.}
17. Qg4 Qc8 18. Qg5 (18. f5
$17 {was called for.}) 18... dxc4 $19 19. Rae1 Nf5 20. Nxf5 Qxf5 21. Qxf5 gxf5 22. Bf2 Be4 23. Re3 Rg7 24. Bg3 d5 25. Rf2 c5 {[%emt 0:01:
04] Hoping for ...d4.} 26. Rd2 Rd8 27. Bh4 Rd6 28. h3 (28. Rg3 {was
necessary.}) 28... d4 {[%emt 0:01:20] Black is clearly winning.} 29. g4 Rgd7 (29... dxe3 $2 {too greedy.} 30. Rxd6
fxg4 31. Rd8+ Kf7 32. Rd7+ Kg6 33. Rxg7+ Kxg7 34. hxg4 $19) 30. Rg3 Kf7 {[%emt 0:01:23] Threatens to win with ...b5.} 31. gxf5 Bxf5 {[%emt 0:00:46] [#] Strongly threatening ...Rh6.} 32. Rg5 Rg6 33. Kh2 Rxg5 34.
Bxg5 (34. fxg5 $142 Kg6 35. Bg3) 34... dxc3 {[%emt 0:00:26]
Weighted Error Value: White=0.65/Black=0.14 (very precise)} 0-1

[Event "44th Chess Olympiad Women 2022"]
[Site "Chennai"]
[Date "2022.07.29"]
[Round "1.8"]
[White "Paehtz, Elisabeth"]
[Black "Mwango, Lorita"]
[Result "0-1"]
[WhiteElo "2484"]
[BlackElo "1920"]
[Annotator "TA"]
[PlyCount "115"]
[EventDate "2022.??.??"]
[TimeControl "60"]

1. Nf3 c6 2. c4 d5 3. e3 Nf6 4. b3 g6 5. Bb2 Bg7 6. Be2 Bg4 7. O-O O-O 8. h3 Bxf3 {[%emt 0:00:35] A12: English Opening: 1...c6 with b3 by White.} 9.
Bxf3 e6 10. Qc2 Nbd7 {
[%emt 0:01:16] White has an edge.} 11. Nc3 Rc8 {[%emt 0:00:24]
[#]} 12. d4 $146 ({Predecessor:} 12. Rad1 b5 13. cxb5 cxb5 14.
Qb1 Qb6 15. g4 Rfd8 16. Bg2 h5 17. g5 Ne8 18. Ne2 Bxb2 19. Qxb2 {½-½ (45)
Selbes,T (2314)-Petr,M (2523) Legnica 2013}) 12... Nb6 13. Qe2 Re8 14. Rfd1 Qe7 15. a4 Nbd7 16. a5 Qd6 17. g3 h6 18. Bg2 Qc7 19. Rdc1 Qb8 20. Qf3 Nh7 21. Rd1 Ng5 22. Qe2 Nf6 23. h4 Ngh7 24. Rd2 h5 25. Bf3 (25. Rad1 {seems wilder.} Ng4 26. e4
e5 27. dxe5 dxc4 28. f3) 25... Bf8 26. Rdd1 Qc7 27. Rdc1 Qd8 28. Kg2 a6 29. Ra4 Bd6 30. Rd1 Bc7 31. Rda1 Nf8 32. Qd2 (32. e4 $5 ) 32...
N8d7 33. R4a2 Bd6 34. Na4 Ne4 35. Bxe4 dxe4 36. Rd1 Bc7 37. b4 Qf6 {[%emt 0:00:40] ...Qf3+ is the strong threat.} 38. Qe2 {
[%emt 0:00:20] Against Qf3+} Qf5 {[%emt 0:00:59] Prevents d5.} 39. Bc3 Nf6 (39... Rcd8 $11 {keeps the balance.}) 40.
Nc5 $16 Rb8 41. d5 $1 Bd6 42. Bxf6 Bxc5 43. Ba1 ({But not} 43. bxc5 Qxf6 44. d6 Qf5 $14) ({White should play} 
43. Bc3 $16 Bf8 44. d6) 43... Bxb4 $15 44. Rb1 {[%emt 0:00:00]
[#] Black must now prevent Qb2.} Be7 (44... c5 $1 $15) 45. Qb2
$36 {[%emt 0:00:00][%csl Ga1][%cal Rb2g7] White has good play.} f6 46. dxc6 Qc5 $2 (46... bxc6 $11 {
and Black stays safe.} 47. Qxb8 Rxb8 48. Rxb8+ Kf7) 47. cxb7 $18 Qxc4 48. Qb3 Qc6 (48...
Qxb3 $142 49. Rxb3 e5) 49. Rc2 Qd7 50. Bd4 Kf7 51. Ba7 Bd6 52. Bxb8 Bxb8 53. Rc8 {[%emt 0:00:00] 
[#] aiming for Rd1.} Qd5 54. Qxd5 exd5 55. Rbc1 Bd6 56. Rxe8 Kxe8 57. b8=Q+ Bxb8 58. Rc8+ {[%emt 0:00:00] Weighted Error Value: White=0.13 (very
precise) /Black=0.44. Loss on time!?} 0-1

[Event "44th Chess Olympiad Women 2022"]
[Site "Chennai"]
[Date "2022.07.29"]
[Round "1.8"]
[White "Phiri Bertha"]
[Black "Schneider, Jana"]
[Result "0-1"]
[WhiteElo "1606"]
[BlackElo "2342"]
[Annotator "ChessBase"]
[PlyCount "108"]
[EventDate "2022.??.??"]
[TimeControl "60"]

1. e4 e5 2. d3 Nf6 3. Nf3 Nc6 4. g3 Bc5 5. Bg2 d5 6. exd5 Nxd5 7. O-O O-O 8.
h3 f6 9. Bd2 Be6 10. Nc3 Qd7 11. Kh2 Rad8 12. Qe2 Rfe8 13. Rad1 Nb6 14. a3 Bf7 15. Be3 Nd4 16. Qd2 Bf8 17. Rde1 c5 18. b3 c4 19. Bxd4 exd4 20.
Ne2 cxb3 21. cxb3 Bxa3 22. Nexd4 Bc5 23. Rxe8+ Bxe8 24. Ne2 Qxd3 25. Qa2 Nd5 26. b4 Bb6 27. Nf4 Qa6 28. Qxa6 bxa6 29. Nxd5 Rxd5 30. Kg1 Rb5 31. Re1 Bf7 32. Bf1 Rxb4 33. Bxa6 Bd5 34. Nh4 Rb2 35. Rf1 Ra2 36. Bd3 a5 37. Nf5 Kf8 38. Bb5 Rb2 39. Bd3 a4 40. Ne3 Bxe3 41. fxe3 Rg2+ 42. Kh1 Rxg3+ 43. Kh2 Rg2+ 44. Kh1 Rf2+ 45. Kg1 Rxf1+ 46. Kxf1 a3 47. Bxh7 a2 48. e4 a1=Q+ 49. Kf2 Qd4+ 50. Kf3 Qd3+ 51. Kf4 g5+ 52. Kg4 Be6+ 53. Kh5 Kg7 54. Bf5 Bxf5 0-1

[Event "44th Chess Olympiad Women 2022"]
[Site "Chennai"]
[Date "2022.07.29"]
[Round "1.8"]
[White "Wagner, Dinara"]
[Black "Mbatha, Constance"]
[Result "1-0"]
[WhiteElo "2341"]
[BlackElo "1614"]
[Annotator "ChessBase"]
[PlyCount "83"]
[EventDate "2022.??.??"]
[TimeControl "60"]

1. e4 e5 2. Nf3 d6 3. d4 exd4 4. Nxd4 Nf6 5. Nc3 Be7 6. g3 Bd7 7. Bg2 Nc6 8. O-O O-O 9. h3 Re8 10. a4 h6 11. Re1 Bf8 12. Bf4 Ne5 13.
g4 Ng6 14. Bg3 Nh7 15. Kh2 c6 16. Qd2 Qc7 17. Rad1 Rad8 18. f4 f6 19. Qd3 Nh8 20. Qc4+ Nf7 21. f5 Qc8 22. Nce2 Be7 23. Nf4 Nf8 24. Ng6 c5 25. Ne2 a6 26. Nxe7+ Rxe7 27. Bxd6 b5 28. Qa2 Be6 29. fxe6 Nxd6 30. axb5 axb5 31. Nf4 Qb8 32. Kh1 Ra7 33. Qd5 Nb7 34. Qf5 Re8 35. e5 Na5 36. exf6 gxf6 37. Qxf6 Nh7 38. Qxh6 Rae7 39. Nh5 Qb6 40. Be4 Nc4 41. Bxh7+ Rxh7 42. Nf6+ 1-0

[Event "44th Chess Olympiad Women 2022"]
[Site "Chennai"]
[Date "2022.07.29"]
[Round "1.9"]
[White "Banda Natalie Katlo"]
[Black "Mkrtchyan, Mariam"]
[Result "0-1"]
[WhiteElo "1688"]
[BlackElo "2285"]
[Annotator "NA RC"]
[PlyCount "60"]
[EventDate "2022.??.??"]
[TimeControl "60"]

1. d4 d5 2. Nf3 Nf6 3. e3 e6 4. Bd3 c5 5. c3 b6 6. Nbd2 Bb7 7. Ne5 Nbd7 8. Ndf3 Bd6 9. Bb5 a6 10. Bxd7+ Nxd7 11. Nxd7 Qxd7 12. b3 a5 13. Ba3 Ba6 14. dxc5 bxc5 15. Rc1 c4 16. Bxd6 Qxd6 17. b4 axb4 18. Qa4+ Ke7 19. Qxb4 Qxb4 20. cxb4 Bb7 21. Rc2 Ra4 22. b5 Rha8 23. Kd2 Rxa2 24. Rhc1 Kd6 25. Nd4 Kc5 26. f4 Bc8 27. Rb1 Kb6 28. Rbb2 Rxb2 29. Rxb2 Ra3 30. g3 c3+ 0-1

[Event "44th Chess Olympiad Women 2022"]
[Site "Chennai"]
[Date "2022.07.29"]
[Round "1.9"]
[White "Besa, Masaiti"]
[Black "Danielian, Elina"]
[Result "0-1"]
[WhiteElo "1745"]
[BlackElo "2441"]
[Annotator "ChessBase"]
[PlyCount "68"]
[EventDate "2022.??.??"]
[TimeControl "60"]

1. d4 Nf6 2. Bf4 g6 3. Nf3 Bg7 4. Nc3 d6 5. Qd2 c6 6. e4 O-O 7. O-O-O Bg4 8. Bh6 b5 9. Bxg7 Kxg7 10. h3 Bxf3 11. gxf3 Nbd7 12. h4 h5 13. f4 b4 14. e5 bxc3 15. exf6+ Nxf6 16. Qxc3 e6 17. Bd3 Rb8 18. Qxc6 Nd5 19. a3 Rb6 20. Qa4 Qb8 21. f5 Rxb2 22. Rdg1 exf5 23. Bxf5 Qb6 24. Kd2 Qc7 25. Rg3 Nb6 26. Qa6 Nc4+ 27. Kd3 Nxa3 28. Ke2 Nxc2 29. Kf1 Re8 30. Qd3 Ne1 31. Qd1 d5 32. Rhg1 Qf4 33.
Rxg6+ fxg6 34. Rxg6+ Kf7 0-1

[Event "44th Chess Olympiad Women 2022"]
[Site "Chennai"]
[Date "2022.07.29"]
[Round "1.9"]
[White "Gaboyan, Susanna"]
[Black "Otisitswe Ruth"]
[Result "1-0"]
[WhiteElo "2270"]
[BlackElo "1552"]
[Annotator "ChessBase"]
[PlyCount "105"]
[EventDate "2022.??.??"]
[TimeControl "60"]

1. Nf3 Nc6 2. g3 e5 3. d3 d5 4. Bg2 Be7 5. O-O Nf6 6. Nbd2 O-O 7. e4 dxe4 8. dxe4 Be6 9. Qe2 Qd7 10. Nc4 Nd4 11. Nxd4 exd4 12. Ne5 Qa4 13. f4 Qa5 14. Nd3 Bc4 15. Bd2 Qb6 16. b3 Ba6 17. e5 Nd7 18.
a4 Nc5 19. f5 Rfe8 20. Qg4 Nxd3 21. cxd3 Bxd3 22. Bd5 Be2 23. Qf4 d3+ 24. Kh1 Rad8 25. Qc4 Rxd5 26. Qxd5 Bxf1 27. Rxf1 Qc6 28. Qxc6 bxc6 29. Rc1 c5 30. Kg2 Bf8 31. Bf4 f6 32. e6 Bd6 33. Bxd6 cxd6 34. Rd1 Kf8 35. Rxd3 Ke7 36. Kf3 g6 37. g4 g5 38. Ke4 Rb8 39. Rh3 h5 40.
gxh5 Rb4+ 41. Kd5 Rb8 42. h6 Rh8 43. h7 g4 44. Rh6 a5 45.
Rh5 c4 46. bxc4 Ke8 47. Kxd6 Kd8 48. c5 Ke8 49. c6 Kd8 50.
e7+ Ke8 51. Ke6 g3 52. c7 g2 53. c8=R# 1-0

[Event "44th Chess Olympiad Women 2022"]
[Site "Chennai"]
[Date "2022.07.29"]
[Round "1.9"]
[White "Sargsyan, Anna M."]
[Black "Marape, Naledi"]
[Result "1-0"]
[WhiteElo "2378"]
[BlackElo "1714"]
[Annotator "TA"]
[PlyCount "55"]
[EventDate "2022.??.??"]
[TimeControl "60"]

1. d4 Nf6 2. Bf4 g6 3. Nc3 Bg7 4. Qd2 O-O 5. Bh6 d6 (5... Bxh6 $11 6. Qxh6 d5) 6. h4 {[%emt 0:
00:00] A45: Trompowsky Attack.} (6. O-O-O $14) 6... Bxh6 7.
Qxh6 Ng4 8. Qd2 {[%emt 0:00:39] 
[#] White has an edge.} Kg7 $146 {[%emt 0:02:32] [#]} (8... c5 $11 {and Black
stays safe.}) ({Predecessor:} 8... e5 9. d5 f5 10. f3 Nf6 11. e3 a5 12. O-O-O
Na6 13. Be2 Nc5 14. Nh3 Qe7 {½-½ (23) Sikora,J (2209)-Musil,V (1951) Ceske
Budejovice 2018}) 9. h5 (9. f3 $1 $18 ) 9... Rh8 (9... e5 $16) 10. e4 Nd7 11. h6+ Kf8 12. f3 Ngf6 13. e5 Ne8 14.
e6 {[%emt 0:01:37] White is much more active.} Ndf6 15. exf7 Kxf7 16. O-O-O $36 {[%emt 0:00:25] White has
strong initiative.} d5 (16... c6 $16 17. Nge2 Nc7) 17. g4 $18 Rf8 18. Nh3 c6 19. Nf4 (19. Re1 $142) 19... Qd6 20. Re1
{[%emt 0:02:55] Strongly threatening Bd3.} Nc7 {[%emt 0:00:23] [#]} (20... Kg8
$16) 21. Bd3 $1 {[%emt 0:02:33] aiming for Nce2.} Ne6 (21...
Kg8 $142) 22. Nce2 c5 $2 (22... Kg8 23. Bxg6
Nxf4 24. Nxf4 Nxg4) 23. Nxe6 {[%emt 0:00:00] White is clearly winning.} Bxe6 24. dxc5 Qxc5 25. Nf4 Bd7 26. g5 Ne8 {[%emt 0:00:
24] [#]} 27. Nxg6 $1 hxg6 (27... e5 28. Nxe5+
) 28. Qf4+ {[%emt 0:00:04] Skewer. Weighted Error Value: White=0.18 (very
precise) /Black=0.46} 1-0

[Event "44th Chess Olympiad Women 2022"]
[Site "Chennai"]
[Date "2022.07.29"]
[Round "1.10"]
[White "Abdumalik, Zhansaya"]
[Black "Mazariegos, Silvia Carolina"]
[Result "1-0"]
[WhiteElo "2495"]
[BlackElo "1851"]
[Annotator "TA"]
[PlyCount "45"]
[EventDate "2022.??.??"]
[TimeControl "60"]

1. e4 Nf6 2. e5 Nd5 3. d4 Nb6 4. f4 d6 5. c4 dxe5 6. fxe5 Nc6 7. Be3 Bf5 8. Nc3 Qd7 {[%emt 0:00:00] B03:
Alekhine's Defence: Four Pawns Attack.} 9. Nf3 Bg4 (9... e6 $14) 10. Be2 $2 (10. d5 $1 $18 ) 10... Rd8 $2 {[%emt 0:00:39] [#]} (10... Bxf3 $14 11. gxf3 O-O-O) 11. O-O (11. d5 $1 $18 ) 11... Bxf3 {[%emt 0:00:00] [#]}
12. Bxf3 $146 {[%emt 0:00:53] aiming for c5.} ({Predecessor:} 12. Rxf3 Nxd4 13.
Bxd4 Qxd4+ 14. Qxd4 Rxd4 15. Raf1 e6 16. Rxf7 Rd7 17. R7f4 Bc5+ 18. Kh1 {
0-1 (60) Kock,S (2100)-Jugelt,T (2418) Hamburg 2013}) 12... e6 {[%emt 0:00:07]
[#]} 13. b3 $36 {[%emt 0:04:43] Bxc6 is the strong threat. White is in control.
White is more active.} Be7 (13... Nxd4 $16 14. Bxb7 c5) 14. c5 Nc8 15. Bxc6 Qxc6 (15... bxc6 {was called for.} 16. Qg4 O-O) 16. Qg4 $18 h5 $2 (16... O-O {is tougher.} 17. Bh6 g6 18. Bxf8 Rxf8) 17.
Qxg7 {[%emt 0:02:24] White is clearly winning.} Kd7 18. Qxf7 Rhg8 (18... Rdf8 $142) 19. d5 exd5 20. Nxd5 {[%emt 0:00:00] Rad1 would kill now.} Rdf8 21. Nf6+ Kd8 22. Rad1+ Nd6 23. Qd5 {[%emt 0:00:07] Weighted Error
Value: White=0.73/Black=0.99} 1-0

[Event "44th Chess Olympiad Women 2022"]
[Site "Chennai"]
[Date "2022.07.29"]
[Round "1.10"]
[White "Balabayeva, Xeniya"]
[Black "Natareno, Elvia"]
[Result "1-0"]
[WhiteElo "2198"]
[BlackElo "1581"]
[Annotator "NA RC"]
[PlyCount "54"]
[EventDate "2022.??.??"]
[TimeControl "60"]

1. e4 c5 2. Nf3 Nc6 3. Bb5 g6 4. O-O Bg7 5. Re1 d6 6. c3 Nf6 7. e5 Nd5 8. d4 cxd4 9. Nxd4 O-O 10. Nxc6 bxc6 11. Bxc6 Nb6 12. exd6 exd6 13. Bxa8 Nxa8 14. Be3 Nb6 15. Bd4 f6 16. Nd2 Bb7 17. Nf1 Qd7 18. Bxb6 axb6 19. Qb3+ Kh8 20. Qb4 b5 21. Qxb5 h5 22. Qb6 d5 23. Rad1 Rf7 24. Qb4 Bf8 25.
Nd2 Qb5 26. Qd4 Qd7 27. Nb3 Bc5 1-0

[Event "44th Chess Olympiad Women 2022"]
[Site "Chennai"]
[Date "2022.07.29"]
[Round "1.10"]
[White "Juarez Garcia, Daniela"]
[Black "Assaubayeva, Bibisara"]
[Result "0-1"]
[WhiteElo "1725"]
[BlackElo "2436"]
[Annotator "ChessBase"]
[PlyCount "100"]
[EventDate "2022.??.??"]
[TimeControl "60"]

1. e4 c5 2. c3 Nf6 3. e5 Nd5 4. d4 cxd4 5. cxd4 d6 6. Nf3 Nc6 7. Nc3 dxe5 8.
Nxe5 Nxc3 9. bxc3 Nxe5 10. dxe5 Qxd1+ 11. Kxd1 Bd7 12. Be3 Bc6 13. f3 e6 14. a4 O-O-O+ 15. Kc2 a6 16. Bc4 Be7 17. Bb3 g5 18.
Rhf1 h5 19. Rae1 Kd7 20. Rd1+ Ke8 21. Bb6 Rxd1 22. Kxd1 Bd8 23. Bd4 g4 24. Ke2 Rg8 25. Rg1 Bg5 26. h3 Bf4 27. fxg4 hxg4 28. g3 gxh3 29. gxf4 Rh8 30. a5 h2 31. Rf1 h1=Q 32. Rxh1 Rxh1 33. Kd3 Ra1 34. Bb6 Ba4 35. Bc4 Bb5 36. Bxb5+ axb5 37. Kc2 Ra4 38. Bd4 Rxa5 39. Kb2 Kd7 40. Kb3 Kc6 41. c4 bxc4+ 42. Kb4 Rd5 43. Kxc4 b5+ 44. Kc3 b4+ 45. Kc4 Rxd4+ 46. Kxd4 Kb5 47. Ke3 Kc4 48. Ke4 b3 49. f5 b2 50. fxe6 b1=Q+ 0-1

[Event "44th Chess Olympiad Women 2022"]
[Site "Chennai"]
[Date "2022.07.29"]
[Round "1.10"]
[White "Lopez L., Dairyn D."]
[Black "Nakhbayeva, Guliskhan"]
[Result "0-1"]
[WhiteElo "1574"]
[BlackElo "2329"]
[Annotator "TA"]
[PlyCount "98"]
[EventDate "2022.??.??"]
[TimeControl "60"]

1. d4 Nf6 2. Bf4 d5 3. e3 c5 4. c3 Nc6 5. Nf3 Nh5 6. Bg3 {
[%emt 0:01:45] D02:1 d4 d5 2 Nf3 sidelines, including 2...Nf6 3 g3 and 2...
Nf6 3 Bf4.} Nxg3 7. hxg3 Qb6 8. Qb3 {[%emt 0:03:26] The position is equal.} e6 9. Nbd2 Bd7 10. Be2 {[%emt 0:05:02] [#]} Bd6 $146 ({Predecessor:} 10... Be7 11. Qc2 h6 12. a3 cxd4 13. exd4 Rc8
14. Qb3 Qc7 15. Qd1 O-O 16. Bd3 e5 17. dxe5 Nxe5 18. Nxe5 Qxe5+ {½-½ (99)
Rambaldi,F (2563)-Obregon,C (2514) Chess.com INT 2018}) 11. O-O O-O 12. Rab1 Qc7 (12...
Qxb3 $15 13. axb3 cxd4 14. exd4 f6) 13. Qc2 Rac8 14. Ng5 {[%emt 0:12:50][%csl Gg5][%cal Rc2h7] [#]} g6 15.
Ndf3 e5 (15... h6 $17 16. Nh3 g5) 16. dxe5
$11 Nxe5 17. Rbd1 Bc6 18. Nh2 Qe7 19. Ngf3 Rcd8 20. Rfe1 b5 21. Nh4 (21. Nxe5 $11 {remains equal.} Bxe5 22. Nf3) 21... Nd7 $17 {[%emt 0:08:12]
Black continues to play with concentration.} 22. Qd2 (22. N4f3
$142) 22... Nf6 23. Bd3 b4 24. f4 (24. N4f3 $17 {was necessary.}) 24... Rfe8 $19 {
[%emt 0:02:56] aiming for ...c4.} 25. N2f3 (25. N4f3 {might
work better.}) 25... Ne4 26. Qc2 bxc3 ({Don't blunder} 26... Nxg3 $2 27. c4 $19) 27. bxc3 Nxg3 28. f5 $2 (28. c4 Bc7 29. Kh2)
28... Ne4 29. fxg6 hxg6 {[%emt 0:00:06] ...
Bg3 is the strong threat.} 30. Rf1 Bg3 {[%emt 0:00:55] [#]
And now ...c4 would win.} 31. Bxe4 Qxe4 32.
Qxe4 dxe4 33. Rxd8 Rxd8 34. Ng5 Bxh4 {[%emt 0:01:48] A strong pair of
Bishops.} 35. Nxf7 Rf8 36. Nd6 Rxf1+ 37. Kxf1 Bg3 38.
Nc8 Bb5+ 39. Kg1 a5 40. Nb6 Kf7 41. a4 Bc6 42. Nc4 Bc7 (
42... Bxa4 $142 43. Nxa5 Ke6 44. Nc4 Bc2 45. Nb6 Bb3 46. c4 Be1 47. Nd5 Bxc4
48. Nf4+ Kf5 49. Kh1 Bd2 50. g4+ Kg5 51. Kh2 Kxg4 52. Nxg6 Bd3 53. Ne5+ Kf5 54.
Nc6 Bxe3 55. Kg2 Bg5 56. Na5 e3 57. Nb3 e2 58. Kf2 Bc4 59. Ke1 Bh4+ 60. Kd2
e1=Q+ 61. Kc2 Qe2+ 62. Nd2 Bf6 63. Kc1 Bd3 64. Nb3 Qe1#) 43. Nb2 Be5 {[%emt 0:00:05] Black mates.} 44. Nc4 Bxc3 45. Kf2 Ke6 46. g4 Bxa4 47. Kg3 g5 48. Nb6 Bb3 49. Kf2 a4 {[%emt 0:00:
00] Weighted Error Value: White=0.78/Black=0.20 (precise)} 0-1

[Event "44th Chess Olympiad Women 2022"]
[Site "Chennai"]
[Date "2022.07.29"]
[Round "1.11"]
[White "Divya Deshmukh"]
[Black "Bagga, Khushi"]
[Result "1-0"]
[WhiteElo "2319"]
[BlackElo "1328"]
[Annotator "ChessBase"]
[PlyCount "67"]
[EventDate "2022.??.??"]
[TimeControl "60"]

1. e4 e5 2. Nf3 Nc6 3. Bb5 Nd4 4. Nxd4 exd4 5. O-O c6 6.
Bc4 d5 7. exd5 cxd5 8. Bb5+ Bd7 9. Qe2+ Ne7 10. Re1 Bxb5 11.
Qxb5+ Qd7 12. Qd3 O-O-O 13. b4 Qc7 14. Bb2 Nc6 15. b5 Nb4 16.
Qb3 Qc4 17. Qh3+ Kb8 18. Na3 Qc7 19. c3 dxc3 20. dxc3 Nc6 21. bxc6 Qxc6 22. Nc2 Bc5 23. Nd4 Qf6 24. Re2 h5 25. Nb3 Bb6 26.
c4 Qc6 27. c5 Bc7 28. Bxg7 Rhg8 29. Be5 Bxe5 30. Rxe5 d4 31. Re7 Qf6 32. Rae1 Qa6 33. c6 Qxc6 34. Na5 1-0

[Event "44th Chess Olympiad Women 2022"]
[Site "Chennai"]
[Date "2022.07.29"]
[Round "1.11"]
[White "Ray, Hiya"]
[Black "Gomes, Mary Ann"]
[Result "0-1"]
[WhiteElo "1586"]
[BlackElo "2324"]
[Annotator "ChessBase"]
[PlyCount "58"]
[EventDate "2022.??.??"]
[TimeControl "60"]

1. d4 Nf6 2. c4 e6 3. Nf3 Bb4+ 4. Bd2 Qe7 5. g3 Bxd2+ 6. Qxd2 b6 7. Nc3 Bb7 8. d5 Na6 9. Bg2 Nc5 10. Nd4 a5 11. O-O O-O 12. e4 d6 13.
Rfe1 Nfd7 14. f4 e5 15. Nf5 Qd8 16. Re2 exf4 17. gxf4 Ba6 18. e5 Bxc4 19. e6 fxe6 20. dxe6 Bxe6 21. Rxe6 Rxf5 22. Bxa8 Qxa8 23. Re7 Qf8 24. Rae1 Ne5 25. Qd5+ Kh8 26. R7xe5 dxe5 27. fxe5 Ne6 28. Ne4 Nf4 29. Qd4 Ne2+ 0-1

[Event "44th Chess Olympiad Women 2022"]
[Site "Chennai"]
[Date "2022.07.29"]
[Round "1.11"]
[White "Smith, Olivia"]
[Black "Vantika Agrawal"]
[Result "0-1"]
[WhiteElo "2038"]
[BlackElo "2371"]
[Annotator "TA"]
[PlyCount "112"]
[EventDate "2022.??.??"]
[TimeControl "60"]

1. e4 c5 2. Nf3 d6 3. Bb5+ Nd7 4. Ba4 Ngf6 5. O-O e6 (5... a6 $5 6. d3 b5 $11) 6. d3 {[%emt 0:00:28] B51:
Sicilian: Moscow Variation (3 Bb5+) without 3...Bd7.} Be7 7.
c4 O-O 8. Nc3 {[%emt 0:00:51] The position
is equal.} a6 9. Qe2 Qc7 10.
Nd2 {[%emt 0:04:26] [#]} Nb6 $146 ({Predecessor:} 10... Ne5
11. f4 Nc6 12. Bxc6 Qxc6 13. a4 Bd7 14. Nf3 Qc7 15. e5 Ng4 16. h3 Nh6 {½-½ 
(27) Jones,G (2672)-Keymer,V (2655) Germany 2022}) 11. Bc2 e5 12. a3 a5 13. Nb5 Qd8 14. Nb1 Ne8 15.
f4 exf4 16. Bxf4 Bg5 17. Bg3 Be6 18. N1c3 Bh4 19. Bf4 Bg5 20. Bg3 (20. Qd2 $16 Bxf4 21. Qxf4) 20... Nc8 $2 {
[%emt 0:02:49] [#]} (20... Bh4 $1 $11) 21. Nd5 (21. d4 $16)
21... Bxd5 (21... Na7 $1 $11 {keeps the balance.}) 22. exd5
$16 g6 23. Nc3 Nf6 ({Black should play} 23... f5 $14) 24. Ba4 (24. Rae1
$16) 24... Nh5 $14 25. Ne4 Nxg3 26. hxg3 ({Of course not} 26. Nxg3 f5 $11) 26... h5 (26... Be7 $14) 27. Qf3 (27. Rae1 $16) 27...
Kg7 28. Rae1 Be7 29. Re2 Nb6 30. Bb5 Nd7 31. Bxd7 Qxd7 32. Nf6 Qd8 33. Ref2 Bxf6 34. Qxf6+ Qxf6 35. Rxf6 $15 {[%emt 0:00:06] Endgame KRR-KRR} Rad8 36.
R6f4 f5 37. d4 b6 38. b4 axb4 ({And not} 38... cxb4 39.
axb4 Ra8 40. bxa5 bxa5 41. R4f2 $15) 39. axb4 cxd4 ({Worse is} 39... cxb4 40. Rb1 $15) 40. Rxd4 Kf6 41. Re1 Rfe8 42. Kf2 Rxe1 43. Kxe1 $17 {[%emt 0:00:00] KR-KR} Ke5
44. Rd3 Rc8 45. Re3+ Kd4 46. Re6 Rxc4 47. Rxd6 Rxb4 48. Rxg6 Kxd5 49. Rg5 {[%emt 0:00:30] [#]} Ke4 $1 {White must now prevent ...Rb1+.}
50. Rxh5 {[%emt 0:00:30] Threatening mate with Rh4+.} Rb1+ 51. Kf2 Rb2+ 52. Kf1 b5 {[%cal Yb6b5,Yb5b4,Yb4b3] ...b4 is the
strong threat.} 53. Rh8 $2 {[%emt 0:00:30] This move loses the game for White.}
(53. Rh4+ $17 Kd3 54. g4) 53... b4 $19 54. Re8+ Kd3 (54... Kd4
$142 55. Rd8+ Ke3 56. Re8+ Kd2 57. Rd8+ Kc1) 55. Re5 b3 56.
Rxf5 Rc2 {Weighted Error Value: White=0.59/Black=0.29 
(precise)} 0-1

[Event "44th Chess Olympiad Women 2022"]
[Site "Chennai"]
[Date "2022.07.29"]
[Round "1.11"]
[White "Soumya, Swaminathan"]
[Black "Chong, Kimberly"]
[Result "1-0"]
[WhiteElo "2335"]
[BlackElo "1741"]
[Annotator "TA"]
[PlyCount "73"]
[EventDate "2022.??.??"]
[TimeControl "60"]

1. e4 d5 2. exd5 Nf6 3. Nf3 Nxd5 4. d4 g6 5. c4 Nb6 6. h3 {[%emt 0:04:22] B01: Scandinavian Defence.} (6. c5 $14
Nd5 7. Nc3) 6... Bg7 $11 7. c5 Nd5 8. Bc4 {[%emt 0:00:32] White has an edge.} O-O 9. Qb3
{[%emt 0:06:26] [#]} e6 $146 ({Predecessor:} 9... c6 10. Nc3
Nxc3 11. bxc3 b5 12. cxb6 axb6 13. Ng5 {½-½ (13) Antoniewski,R (2585)
-Karttunen,M (2423) Rogaska Slatina 2011}) 10. Bg5 f6 11. Bd2 b6 12. Nc3 Re8 13. O-O-O {[%emt 0:05:16] White is
more active.} (13. O-O $16 c6 14. Rac1) 13... Nxc3 (13... c6 $1 $14) 14. Bxc3 $16 a5 {[%emt 0:03:41] [#]} (
14... Qe7 $16) 15. cxb6 $2 (15. d5 $1 $18) 15... cxb6 $14 16. a4 Na6 17. Rhe1 Qd6 18. Nd2 Bh6 $1 19. Kb1 {[%emt 0:00:29] [#] Threatens to win with Ne4.} Bxd2 20. Rxd2 Bd7 21.
Rde2 Nc7 22. Bd2 Nd5 (22... Rac8 $11) 23. Qf3 Kf7 24. Bb3 Nc7 $2 {[%emt 0:
02:07] Black cannot hold the game after this.} (24... Rab8 $11) 25. Bf4 $18 {
[%emt 0:03:35] This bishop pair is nice.} Qc6 26. Qxc6 Bxc6 27. Bxc7 Bd7 28. Ka2 b5 29. axb5 a4 30. Bc4 Rac8 31. b6 h5 32. f4 f5 33. d5 exd5 34.
Bxd5+ {[%emt 0:00:03] White mates.} Kf8 35. Bd6+ Kg7 36. Rxe8 Bxe8 37.
b7 {[%emt 0:00:09] Weighted Error Value: White=0.31/Black=0.55} 1-0

[Event "44th Chess Olympiad Women 2022"]
[Site "Chennai"]
[Date "2022.07.29"]
[Round "1.12"]
[White "Castillo Beitia, Ashley Alexandra"]
[Black "Terbe, Julianna"]
[Result "0-1"]
[WhiteElo "1587"]
[BlackElo "2291"]
[Annotator "NA RC"]
[PlyCount "58"]
[EventDate "2022.??.??"]
[TimeControl "60"]

1. d4 d5 2. c4 c6 3. Nc3 Nf6 4. Nf3 dxc4 5. e4 b5 6. Be2 e6 7. a4 b4 8. Na2 Nxe4 9. Bxc4 Bb7 10. Be3 Nd7 11. O-O a5 12. Qc2 Nef6 13.
Nc1 Be7 14. Nd3 O-O 15. Rfd1 Nd5 16. Bd2 Rc8 17. Rac1 c5 18. Qb3 cxd4 19. Nxd4 Nc5 20. Nxc5 Bxc5 21. Nc2 Bxf2+ 22. Kxf2 Qh4+ 23. Kg1 Rxc4 24. Bg5 Qxg5 25. Qxc4 Nf4 26. Ne1 Nh3+ 27. Kh1 Nf2+ 28. Kg1 Qe3 29. Nc2 Nh3+ 0-1